 Dungeon Crawl Stone Soup version 0.30-a0-743-gbfdf073431 (webtiles) character file.

Game seed: 3460154434266383705

60 qeuew the Trooper (level 3, -3/29 HPs)
             Began as a Demonspawn Monk on Feb 6, 2023.
             Slain by a worm (8 damage)
             ... on level 2 of the Dungeon.
             The game lasted 00:01:28 (1416 turns).

qeuew the Trooper (Demonspawn Monk)                 Turns: 1416, Time: 00:01:29

Health: -3/29      AC:  2    Str: 10 (13) XL:     3   Next: 80%
Magic:  3/3        EV: 12    Int: 10 (11) God:
Gold:   90         SH:  0    Dex: 12 (15) Spells: 2/2 levels left

rFire   . . .      SeeInvis .    a - +0 hand axe
rCold   . . .      Faith    .    (no shield)
rNeg    . . .      Spirit   .    b - +0 robe
rPois   .          Reflect  .    (helmet restricted)
rElec   .          Harm     .    (no cloak)
rCorr   .          Rampage  .    (no gloves)
Will    .....      Clarity  +    (no boots)
Stlth   +                        (no amulet)
HPRegen 0.24/turn                (no ring)
MPRegen 0.08/turn                (no ring)

@: confused, ambrosia-drunk, unable to read
A: powered by death 1, weakness stinger 1, antennae 1, clarity, evolution 1,
inability to read after injury 1
a: no special abilities


You were on level 2 of the Dungeon.
You visited 1 branch of the dungeon, and saw 2 of its levels.

You collected 90 gold pieces.

Inventory:

Hand Weapons
 a - a +0 hand axe (weapon)
Armour
 b - a +0 robe (worn)
Scrolls
 d - 2 scrolls of identify {unknown}
Potions
 e - 2 potions of curing {unknown}
 i - a potion of mutation


   Skills:
 + Level 3.5 Fighting
 + Level 3.1 Axes
 + Level 1.3 Armour
 + Level 3.2 Dodging
 - Level 1.7 Stealth


You had 2 spell levels left.
You didn't know any spells.
Your spell library contained the following spells:

 Spells                   Type           Power      Damage    Failure   Level
 Blink                    Tloc           0%         N/A       50%         2
 Lesser Beckoning         Tloc           0%         N/A       50%         2
 Momentum Strike          Conj/Tloc      0%         3d8       50%         2


Dungeon Overview and Level Annotations

Branches:
Dungeon (2/15)

Altars:


Innate Abilities, Weirdness & Mutations

You regenerate a little health from kills.
You have a small tail.
You have a pair of small antennae on your head.
You possess an exceptional clarity of mind.
You have hidden genetic potential.
You occasionally lose the ability to read scrolls when taking damage.


Message History

The worm is moderately wounded.
You hit the worm.
The worm is moderately wounded.
The worm bites you.
You are too injured to fight recklessly!
You are too injured to fight recklessly!
You are too injured to fight recklessly!
You are too injured to fight recklessly!
You are too injured to fight recklessly!
You are too injured to fight recklessly!
There are monsters nearby!
There are monsters nearby!
Unknown command.
You hit the worm.
The worm is heavily wounded.
You barely miss the kobold. The kobold closely misses you.
The worm barely misses you.
You hit the worm.
The worm is heavily wounded.
You closely miss the rat. You hit the kobold. The kobold closely misses you.
The rat barely misses you.
You barely miss the worm.
The worm is heavily wounded.
You hit the rat.
You kill the rat!
You barely miss the kobold.
The kobold hits you with a +0 short sword.
The worm bites you!
You feel threatened and lose the ability to read scrolls!
* * * LOW HITPOINT WARNING * * *
You hit the worm.
The worm is heavily wounded.
You hit the kobold.
You kill the kobold!
The worm bites you.
* * * LOW HITPOINT WARNING * * *
Sorry, you're not good enough to have a special ability.
You are confused.
You feel invigorated. The worm bites you!
You die...

#.....#...#.###.#>.....#
#.....###....##.#......#
#.....###....##.#.....[#
#.....'.'..............#####
#..... #...###........'...#
#... +...'...#.##...###.#
..###...#####.##...# #.#
.......)## #.##...# #.#
###....@.# #..#...# #.#
#....w.# ##.....# #.#
#......# ######.###.#
#......# #........#.#
#......# #..###..#.#.#
#......+ ##.#...# #......#
#...#.# #....... ###...#
##..#


You could see a worm.

Vanquished Creatures
  2 worms (D:2)
  A dart slug (D:2)
  2 bats (D:1)
  3 endoplasms
  2 giant cockroaches (D:1)
  3 goblins
  8 hobgoblins
  5 jackals
  A quokka (D:1)
  4 ball pythons
  8 frilled lizards
  5 kobolds
  7 rats
51 creatures vanquished.

Vanquished Creatures (others)
  A plant (D:2)
1 creature vanquished.

Grand Total: 52 creatures vanquished

Notes
Turn   | Place    | Note
-------+----------+-------------------------------------------
     0 | D:1      | qeuew the Demonspawn Monk began the quest for the Orb.
     0 | D:1      | Reached XP level 1. HP: 18/18 MP: 1/1
   162 | D:1      | Gained mutation: You have a small tail. [demonic ancestry]
   162 | D:1      | Reached XP level 2. HP: 11/24 MP: 2/2
   483 | D:1      | Reached skill level 1 in Armour
   718 | D:1      | Gained mutation: You regenerate a little health from kills.
                  | [demonic ancestry]
   718 | D:1      | Reached XP level 3. HP: 20/29 MP: 3/3
  1013 | D:1      | Gained mutation: You occasionally lose the ability to read
                  | scrolls when taking damage. [potion of mutation]
  1013 | D:1      | Gained mutation: You possess an exceptional clarity of
                  | mind. [potion of mutation]
  1013 | D:1      | Gained mutation: You have a pair of small antennae on your
                  | head. [potion of mutation]
  1013 | D:1      | Gained mutation: You have hidden genetic potential. [potion
                  | of mutation]
  1415 | D:2      | HP: 1/29 [worm (5)]
  1416 | D:2      | Slain by a worm

Illustrated notes

Levels and vault maps discovered:
D:1:      dpeg_arrival_tiny_c, layout_loops_corners, hangedman_feature_mirror,
          minmay_tree_intersection, serial_park_tiny_pond
D:2:      cheibrodos_greedy_goblins, layout_basic,
          dreamdust_ecumenical_altar_drowned_temple, serial_shops,
          nicolae_shop_overgrown_old_shop, minmay_pentomino_o2,
          uniq_crazy_yiuf_cottage

Skill      XL: |  1  2 |
---------------+-------+-----
Axes           | 3 |  3.1
Dodging        | 3 |  3.2
Armour         | 1 |  1.3
Fighting       | |  3.5
Stealth        | |  1.7

Action                     || total
---------------------------++-------
  Melee: Hand axe          ||   143
         Tailslap          ||    15
    Use: Potion            ||     5
         Scroll            ||     2
   Stab: Sleeping          ||     5
 Armour: Robe              ||    18
  Dodge: Dodged            ||   116

Table legend: (Time is in decaauts)
 A = Elapsed time spent in this place.
 B = Non-inter-level travel time spent in this place.
 C = Inter-level travel time spent in this place.
 D = Time resting spent in this place.
 E = Time spent auto-exploring this place.
 F = Levels seen in this place.
 G = Mean time per level.
                   A        B        C        D        E       F      G
               +--------+--------+--------+--------+--------+-----+--------+
         Total |   1437 |   1404 |     33 |      0 |   1077 |   2 |  718.5 |
       Dungeon |   1437 |   1404 |     33 |      0 |   1077 |   2 |  718.5 |
               +--------+--------+--------+--------+--------+-----+--------+

Top non-repeatable levels by time:
     D:1: 1058 daAuts
     D:2: 378 daAuts
